 Dungeon Crawl Stone Soup version 0.25.1-2-g60ff931df9 (webtiles) character file.

Game seed: 8889335610018236557

44 HawFromDerth the Caller (level 3, 0/19 HPs)
             Began as a Deep Elf Summoner on Sept 20, 2020.
             Slain by a crimson imp (1 damage)
             ... on level 2 of the Dungeon.
             The game lasted 00:07:23 (3028 turns).

HawFromDerth the Caller (Deep Elf Summoner)         Turns: 3028, Time: 00:07:24

Health: 0/19       AC:  2    Str:  5    XL:     3   Next: 39%
Magic:  6/10       EV: 13    Int: 26    God:
Gold:   86         SH:  0    Dex: 15    Spells: 2/9 levels left

rFire    . . .     SeeInvis .   (no weapon)
rCold    . . .     Gourm    .   (no shield)
rNeg     . . .     Faith    .   a - +0 robe
rPois    .         Spirit   .   (no helmet)
rElec    .         Reflect  .   (no cloak)
rCorr    .         Harm     .   (no gloves)
MR       .....                  (no boots)
Stlth    ++........             (no amulet)
HPRegen  0.06/turn              h - +6 ring of intelligence
MPRegen  0.12/turn              (no ring)

@: no status effects
A: no striking features
a: no special abilities


You were on level 2 of the Dungeon.
You were not hungry.

You visited 1 branch of the dungeon, and saw 2 of its levels.

You collected 86 gold pieces.

Inventory:

Armour
 a - a +0 robe (worn)
Jewellery
 h - a +6 ring of intelligence (left hand)
Scrolls
 i - 2 scrolls of fear {unknown}
 k - 3 scrolls of identify {unknown}
 n - a scroll of amnesia {unknown}
Potions
 b - a potion of resistance {unknown}
 d - a potion of flight {unknown}
 e - a potion of degeneration {unknown}
 f - a potion of mutation {unknown}
 g - a potion of brilliance {unknown}
 j - 2 potions of invisibility {unknown}
 l - 2 potions of stabbing {unknown}
Comestibles
 c - 2 rations


   Skills:
 + Level 2.6 Dodging
 + Level 2.5 Stealth
 + Level 3.9 Spellcasting
 + Level 5.2 Summonings


You had 2 spell levels left.
You knew the following spells:

 Your Spells              Type           Power        Failure   Level  Hunger
a - Summon Small Mammal   Summ           ####         1%          1    None
b - Call Canine Familiar  Summ           ####....     3%          3    ##.....
c - Summon Guardian Gole  Hex/Summ       ###.....     9%          3    ##.....

Your spell library contained the following spells:

 Spells                   Type           Power        Failure   Level  Hunger
 Call Imp                 Summ           ####....     1%          2    None
 Animate Skeleton         Necr           N/A          9%          1    None
 Apportation              Tloc           #.....       9%          1    None
 Corona                   Hex            #......      9%          1    None
 Summon Ice Beast         Ice/Summ       ###.....     28%         4    ####...
 Summon Lightning Spire   Summ/Air       ###.....     28%         4    ####...


Dungeon Overview and Level Annotations

Branches:
Dungeon (2/15)

Altars:


Message History

Your hound misses the crimson imp.
The crimson imp barely misses your hound.
Your hound closely misses the crimson imp.
The crimson imp barely misses your hound.
Your hound bites the crimson imp.
Your hound barely misses the crimson imp.
The crimson imp hits your hound but does no damage.
Your hound barely misses the crimson imp.
The crimson imp blinks!
Your rat misses the crimson imp. The crimson imp hits your rat.
Your rat dies!
Your rat's corpse disappears in a puff of smoke!
Your quokka disappears in a puff of smoke!
The crimson imp blinks!
The crimson imp hits you.
* * * LOW HITPOINT WARNING * * *
You closely miss the crimson imp.
The crimson imp is moderately wounded.
The crimson imp hits you.
You die...

#......#.#*.###
####......#'##....
#..'.r.......#....
#.##.........#....
#.##.§h..5...#....
#.#######.........
#.# #...#.###. #5#
#...#...## #@#
#...###.#( #.#
#....#.... #h#
###.###.#. #.#
##.#..... #.#
#..#.#[#. #.#
#....###. #.#
#..###.## #.#
##........
#§#######..###...#


You could see a crimson imp and a friendly hound (summoned).

Vanquished Creatures (collateral kills)
  2 adders (D:2)
  2 worms (D:2)
  2 dart slugs (D:2)
  2 leopard geckos
  10 bats
  3 giant cockroaches
  4 goblins
  2 hobgoblins
  A quokka (D:2)
  A ball python (D:1)
  A frilled lizard (D:1)
  6 kobolds
  7 rats
43 creatures vanquished.

Notes
Turn   | Place    | Note
-------+----------+-------------------------------------------
     0 | D:1      | HawFromDerth the Deep Elf Summoner began the quest for the
                  | Orb.
     0 | D:1      | Reached XP level 1. HP: 10/10 MP: 6/6
   399 | D:1      | Reached XP level 2. HP: 15/15 MP: 5/8
  1259 | D:2      | Noticed a crimson imp
  2103 | D:2      | Reached skill level 5 in Summonings
  2103 | D:2      | Reached XP level 3. HP: 7/19 MP: 6/10
  2332 | D:2      | Learned a level 3 spell: Call Canine Familiar
  2336 | D:2      | Learned a level 3 spell: Summon Guardian Golem
  3028 | D:2      | Slain by a crimson imp

Illustrated notes

Levels and vault maps discovered:
D:1:      lemuel_arrival_hallway, layout_basic, st_stairs_3
D:2:      layout_basic, nicolae_overflow_hidden_temple, minmay_indecisive_spiral

Skill      XL: |  1  2 |
---------------+-------+-----
Summonings     | 5 |  5.2
Dodging        | |  2.6
Stealth        | |  2.5
Spellcasting   | |  3.9

Action                   || total
-------------------------++-------
Melee: Unarmed           ||     3
 Cast: Summon Small Mamm ||    91
       Call Canine Famil ||     7
  Use: Scroll            ||     4
  Eat: Ration            ||     2
Armor: Robe              ||    20
Dodge: Dodged            ||    71
